 Dungeon Crawl Stone Soup version 0.21.1-1-g345015f (webtiles) character file.

4471 jamsan the Markscentaur (level 10, -7/73 HPs)
             Began as a Centaur Hunter on June 15, 2018.
             Was an Elder of Okawaru.
             Mangled by a wyvern (19 damage)
             ... on level 9 of the Dungeon.
             The game lasted 00:51:42 (9295 turns).

jamsan the Markscentaur (Centaur Hunter)            Turns: 9295, Time: 00:51:43

Health: -7/73      AC: 10    Str: 19    XL:     10   Next: 15%
Magic:  10/10      EV: 15    Int: 10    God:    Okawaru [****..]
Gold:   478        SH:  0    Dex: 17    Spells: 9/9 levels left

rFire    . . .     SeeInvis .   a - +1 shortbow
rCold    + + .     Gourm    .   (shield currently unavailable)
rNeg     . . .     Faith    .   x - +2 robe of Incorporation {+Inv rC+ Str+3}
rPois    +         Spirit   .   s - +0 helmet
rElec    .         Reflect  .   o - +1 cloak {+Inv}
rCorr    .         Harm     .   r - +0 pair of gloves
MR       .....                  (no barding)
Stlth    ++........             (no amulet)
HPRegen  0.22/turn              m - ring of poison resistance
MPRegen  0.12/turn              v - ring of protection from cold

@: agile, very quick
A: large, hooves 3, deformed body, speed 2, tough skin 3
a: Heroism, Renounce Religion, Evoke Invisibility


You were on level 9 of the Dungeon.
You worshipped Okawaru.
Okawaru was greatly pleased with you.
You were hungry.

You visited 2 branches of the dungeon, and saw 10 of its levels.

You collected 478 gold pieces.

Inventory:

Hand Weapons
 a - a +1 shortbow (weapon)
 b - a +1 hand axe of flaming
 y - a +0 short sword
 G - a +2 short sword of protection
Missiles
 d - 71 arrows (quivered)
Armour
 o - a +1 cloak of invisibility (worn)
 r - a +0 pair of gloves (worn)
 s - a +0 helmet (worn)
 x - the +2 robe of Incorporation (worn) {+Inv rC+ Str+3}
   (You found it on level 4 of the Dungeon)

   It affects your strength (+3).
   It protects you from cold.
   It lets you turn invisible.
Jewellery
 m - a ring of poison resistance (left hand)
 t - an uncursed ring of resist corrosion {unknown}
 v - a ring of protection from cold (right hand)
 H - a +5 ring of dexterity {unknown}
 J - an uncursed ring of protection from magic {unknown}
 N - a +1 ring of protection {unknown}
Wands
 n - a wand of paralysis (17)
 p - a wand of random effects (35)
 E - a wand of polymorph (21)
 I - a wand of flame (12)
 L - a wand of iceblast (9)
Scrolls
 c - a scroll of enchant armour {unknown}
 e - 2 scrolls of teleportation
 h - a scroll of enchant weapon {unknown}
 k - 2 scrolls of identify
 u - a scroll of magic mapping
Potions
 g - a potion of cancellation
 i - 2 potions of mutation
 j - a potion of ambrosia
 l - 2 potions of agility
 q - a potion of curing
 w - 2 potions of might {unknown}
 z - a potion of magic {unknown}
 A - 2 potions of berserk rage
 B - a potion of brilliance {unknown}
 C - a potion of invisibility {unknown}
 F - a potion of flight {unknown}
Books
 K - a book of Air

   Spells                             Type                      Level
   a - Shock                          Conjuration/Air              1
   b - Swiftness                      Charms/Air                   2
   c - Static Discharge               Conjuration/Air              3
   d - Airstrike                      Air                          4
   e - Lightning Bolt                 Conjuration/Air              5
 O - a book of Necromancy

   Spells                             Type                      Level
   a - Pain                           Necromancy                   1
   b - Animate Skeleton               Necromancy                   1
   c - Vampiric Draining              Necromancy                   3
   d - Regeneration                   Charms/Necromancy            3
   e - Animate Dead                   Necromancy                   4
   f - Borgnjor's Vile Clutch         Necromancy/Earth             5
Comestibles
 f - 19 rations


   Skills:
 - Level 2.0 Fighting
 - Level 1.0 Short Blades
 - Level 1.0 Axes
 + Level 18.0 Bows
 - Level 0.8 Armour
 - Level 1.3 Dodging
 - Level 0.6 Stealth


You had 9 spell levels left.
You didn't know any spells.

Dungeon Overview and Level Annotations

Branches:
Dungeon (9/15)             Temple (1/1) D:6
   Lair: D:8-11         Orc: D:9-12

Altars:
Dithmenos
Elyvilon
Fedhas
Hepliaklqana
Kikubaaqudgha
Okawaru
Sif Muna
Trog
Yredelemnul
Zin

Shops:
D:4 (   D:7 [

Annotations:
D:5 exclusion: downstairs
D:6 Pikel; doot's ghost, novice TrHu
D:7 exclusion: downstairs
D:8 pTCGFNYNwU3Fd6TS's ghost, novice TrBe


Innate Abilities, Weirdness & Mutations

You have hooves in place of feet.
Armour fits poorly on your strangely shaped body.
You cover ground very quickly.
You have extremely tough skin. (AC +3)


Message History

There's a creature in the doorway!
Okay, then.
You feel better. The wyvern misses you. The wyvern closely misses you.
The wyvern closely misses you.
You are no longer corroded.
The wyvern hisses menacingly.
Okay, then.
You are too injured to fight recklessly!
Firing (i - inventory):
d - 72 arrows (quivered)
Press: ? - help, Shift-Dir - straight line, f/p - wyvern
Aim: a wyvern (almost dead)
You shoot an arrow.
The arrow hits the wyvern but does no damage.
The wyvern is almost dead.
The wyvern closely misses you.
There is an open door here.
The wyvern hisses menacingly.
An ice beast comes into view.
The wyvern bites you!!
You die...

##......... #.Y.......
###........# ...........#
## #.........# ##.##
#........# ###.[.(.
##....<...####..((..
#.........##....#
#........@l....#
##.............#
#.......##....###########
#.......####..#..........
#......## ##.'...(......
#..($[.# ###.......l..
#.....## #...#####.O
##(...# #...#...#..
#...#...#..


You could see a wyvern and an ice beast (wandering).

Vanquished Creatures
  A hippogriff (D:7)
  A spriggan (D:7)
  A hungry ghost (D:8)
  Edmund (D:6)
  Duvessa (D:5)
  5 sky beasts
  An orc warrior (D:6)
  3 ice beasts
  3 slaves (D:7)
  4 ogres
  A phantom (D:4)
  3 centaurs
  2 big kobolds
  3 bullfrogs
  Dowan (D:5)
  A wyvern zombie (D:7)
  5 scorpions
  The ghost of Ethylacetat the Slasher, a weakling DsSk (D:3)
  An electric eel (D:8)
  2 howler monkeys
  A centaur zombie (D:8)
  5 crimson imps
  A hound (D:5)
  A jelly (D:6)
  Crazy Yiuf (D:2)
  7 orc priests
  A centaur skeleton (D:6)
  Jessica (D:3)
  2 iguanas (D:6)
  7 orc wizards
  Ijyb (D:5)
  Natasha (thrice) (D:2)
  5 worker ants
  A hound zombie (D:6)
  2 hound skeletons
  Robin (D:4)
  8 gnolls
  15 adders
  A shadow imp (D:7)
  3 oozes
  An adder skeleton (D:7)
  3 worms
  3 dart slugs
  8 leopard geckos
  21 orcs
  8 giant cockroaches
  15 goblins
  13 hobgoblins
  11 jackals
  2 quokkas
  A ball python zombie (D:5)
  7 bats
  11 frilled lizards
  A jackal skeleton (D:4)
  A jackal zombie (D:5)
  12 kobolds
  A quokka skeleton (D:7)
  A quokka zombie (D:5)
  15 rats
243 creatures vanquished.

Notes
Turn   | Place    | Note
-------+----------+-------------------------------------------
     0 | D:1      | jamsan the Centaur Hunter began the quest for the Orb.
     0 | D:1      | Reached XP level 1. HP: 17/17 MP: 1/1
    36 | D:1      | Reached XP level 2. HP: 3/24 MP: 2/2
    39 | D:1      | Reached skill level 6 in Bows
   901 | D:1      | Reached XP level 3. HP: 28/29 MP: 3/3
  1217 | D:2      | Noticed an ogre
  1249 | D:2      | Killed an ogre
  1249 | D:2      | Reached skill level 1 in Short Blades
  1249 | D:2      | Reached skill level 7 in Bows
  1249 | D:2      | Reached XP level 4. HP: 15/36 MP: 4/4
  1546 | D:2      | Reached XP level 5. HP: 38/41 MP: 5/5
  1579 | D:2      | Found a runed door.
  1585 | D:2      | Noticed Crazy Yiuf
  1591 | D:2      | Killed Crazy Yiuf
  1591 | D:2      | Reached skill level 8 in Bows
  1633 | D:2      | Noticed a moth of wrath
  1635 | D:2      | Found a bloodstained altar of Trog.
  1805 | D:2      | Noticed Natasha
  1811 | D:2      | Killed Natasha
  1893 | D:2      | Found a blossoming altar of Fedhas.
  2394 | D:2      | Noticed Natasha
  2403 | D:2      | Killed Natasha
  2434 | D:2      | Noticed Natasha
  2449 | D:2      | Killed Natasha
  2449 | D:2      | Reached skill level 9 in Bows
  2638 | D:2      | Reached XP level 6. HP: 45/48 MP: 6/6
  2789 | D:3      | Found an iron altar of Okawaru.
  2798 | D:3      | Became a worshipper of Warmaster Okawaru
  3147 | D:3      | Noticed Ethylacetat's ghost (weakling DsSk)
  3179 | D:3      | Killed Ethylacetat's ghost
  3195 | D:3      | Reached skill level 10 in Bows
  3491 | D:3      | Noticed Jessica
  3494 | D:3      | Killed Jessica
  3552 | D:3      | Found a glowing silver altar of Zin.
  3725 | D:3      | Reached XP level 7. HP: 55/55 MP: 7/7
  4309 | D:4      | Noticed Robin
  4668 | D:4      | Killed Robin
  4823 | D:4      | Reached * piety under Okawaru
  4823 | D:4      | Reached skill level 11 in Bows
  4865 | D:4      | Found Caxtomuw's Antique Weapon Shop.
  4891 | D:4      | Got a steaming robe
  4892 | D:4      | Identified the +2 robe of Incorporation {+Inv rC+ Str+3} (You found it on level 4 of the Dungeon)
  5069 | D:5      | Entered Level 5 of the Dungeon
  5128 | D:4      | Found a hazy altar of Hepliaklqana.
  5490 | D:5      | Reached skill level 12 in Bows
  5508 | D:5      | Reached XP level 8. HP: 39/61 MP: 8/8
  5664 | D:5      | Reached ** piety under Okawaru
  5687 | D:5      | Noticed Duvessa
  5694 | D:5      | Killed Duvessa
  5694 | D:5      | Reached skill level 13 in Bows
  5697 | D:5      | Noticed Dowan
  5704 | D:5      | Killed Dowan
  5918 | D:5      | Noticed Ijyb
  5922 | D:5      | Killed Ijyb
  5977 | D:5      | Reached skill level 14 in Bows
  6123 | D:5      | Reached *** piety under Okawaru
  6567 | D:6      | Reached skill level 1 in Axes
  6603 | D:6      | Reached XP level 9. HP: 21/67 MP: 9/9
  6646 | D:7      | Noticed Pikel
  6871 | D:6      | Noticed doot's ghost (novice TrHu)
  6929 | D:6      | Noticed Edmund
  6943 | D:6      | Killed Edmund
  6943 | D:6      | Reached skill level 15 in Bows
  7090 | D:6      | Found a staircase to the Ecumenical Temple.
  7107 | Temple   | Entered the Ecumenical Temple
  7123 | D:6      | Found a basalt altar of Yredelemnul.
  7337 | D:6      | Reached skill level 16 in Bows
  7412 | D:6      | Found an ancient bone altar of Kikubaaqudgha.
  7899 | D:8      | Noticed pTCGFNYNwU3Fd6TS's ghost (novice TrBe)
  8034 | D:7      | Reached **** piety under Okawaru
  8325 | D:7      | Reached skill level 17 in Bows
  8598 | D:7      | Found Osalak's Armour Shoppe.
  8822 | D:8      | Reached XP level 10. HP: 71/73 MP: 10/10
  8851 | D:8      | Found a deep blue altar of Sif Muna.
  9080 | D:8      | Noticed a gargoyle
  9158 | D:9      | Reached skill level 18 in Bows
  9163 | D:9      | Noticed a two-headed ogre
  9267 | D:9      | HP: 1/73 [wyvern (16)]
  9295 | D:9      | Mangled by a wyvern

Skill      XL: |  1  2  3  4  5  6  7  8  9 10 |
---------------+-------------------------------+-----
Bows           | 6 7 9 10 12 14 17 18 | 18.0
Short Blades   | 1 |  1.0
Axes           | 1 |  1.0
Fighting       | |  2.0
Armour         | |  0.8
Dodging        | |  1.3
Stealth        | |  0.6

Action                   |  1- 3 |  4- 6 |  7- 9 | 10-12 || total
-------------------------+-------+-------+-------+-------++-------
Melee: Short sword       |    78 |    94 |    30 |       ||   202
       Kick              |    12 |    22 |    23 |     1 ||    58
       Hand axe          |       |       |    54 |     4 ||    58
 Fire: Shortbow          |    48 |   142 |   561 |    88 ||   839
Evoke: Wand              |       |     1 |     4 |     2 ||     7
  Use: Scroll            |       |     3 |    13 |     1 ||    17
       Potion            |       |       |     1 |     4 ||     5
  Eat: Ration            |       |     2 |     1 |       ||     3
       Chunk             |       |       |     9 |     2 ||    11
Armor: Leather armour    |    24 |       |       |       ||    24
       Ring mail         |    32 |    55 |    63 |       ||   150
       Robe              |       |       |    81 |    26 ||   107
Dodge: Dodged            |    62 |    64 |   191 |    33 ||   350
